AoeStats
← 只会打步弓

Fortress

509909583Analyzed
4v4 RM · 4d ago on Sep 28, 2026· 36m 25s· 8 players
Game mode
Random Map
Map size
Huge
Population
200
Speed
Normal
Resources
Standard
Victory
Conquest
Starting age
Dark Age
Ending age
Imperial Age
RankedLock teamsTeams togetherTeam positionsShared explorationLock speedFull tech treeHidden civsTurbo modeCheats
Victory
Defeat
🇨🇳 Spanish · China
1642
+14
🇨🇳 Huns · China
1630
+15
🇨🇳 Persians · China
1615
+15
🇨🇳 Bohemians · China
1601
+16
🇹🇷 Byzantines · Türkiye
1664
-17
🇻🇳 Persians · Vietnam
1645
-17
🇧🇾 Hindustanis · Belarus
1570
-14
🇺🇸 Mongols · United States
1536
-12
Dwarf king
6:33 Feudal Age
8:07 Double-Bit Axe
10:48 Castle Age
9:20 Horse Collar
13:17 Bow Saw
21:16 Heavy Plow
21:20 Gold Mining
21:54 Stone Mining
22:47 Wheelbarrow
26:18 Imperial Age
23:34 Loom
23:35 Town Watch
23:48 Fletching
24:42 Hand Cart
24:27 Bodkin Arrow
24:50 Padded Archer Armor
25:18 Ballistics
25:57 Gold Shaft Mining
26:17 Leather Archer Armor
26:49 Stone Shaft Mining
28:00 Chemistry
27:02 Bracer
28:33 Bloodlines
28:51 Parthian Tactics
28:32 Thumb Ring
28:35 Siege Engineers
29:32 Husbandry
29:18 Elite Mangudai
31:15 Conscription
35:25 Capped Ram
PromoART
7:45 Feudal Age
11:13 Castle Age
9:07 Double-Bit Axe
9:51 Horse Collar
12:23 Bow Saw
16:13 Loom
18:28 Bloodlines
18:24 Gold Mining
18:53 Scale Barding Armor
20:21 Wheelbarrow
19:26 Light Cavalry
20:16 Husbandry
20:34 Husbandry
21:42 Hand Cart
23:12 Chain Barding Armor
22:47 Town Watch
27:40 Imperial Age
26:13 Heavy Plow
28:50 Scale Mail Armor
29:00 Forging
28:52 Squires
28:38 Arson
29:31 Conscription
30:10 Chain Mail Armor
29:42 Elite Ghulam
31:40 Two-Man Saw
31:52 Hoardings
32:51 Iron Casting
32:29 Grand Trunk Road
37:05 Plate Barding Armor
37:31 Blast Furnace
35:53 Heavy Camel Rider
36:31 Fletching
Viet Nam Strategy
7:47 Feudal Age
8:32 Double-Bit Axe
11:31 Castle Age
9:21 Horse Collar
11:24 Wheelbarrow
12:07 Bow Saw
12:15 Heavy Plow
13:17 Hand Cart
14:47 Husbandry
19:37 Loom
24:40 Imperial Age
22:30 Bloodlines
22:53 Gold Mining
23:25 Light Cavalry
24:18 Scale Barding Armor
24:24 Forging
24:22 Hussar
24:31 Cavalier
25:53 Chain Barding Armor
27:15 Iron Casting
26:41 Scale Mail Armor
26:34 Fletching
29:05 Gold Shaft Mining
28:21 Stone Mining
29:31 Two-Man Saw
29:02 Crop Rotation
28:23 Elite War Elephant
30:39 Chemistry
30:00 Ballistics
30:21 Padded Archer Armor
31:23 Leather Archer Armor
32:15 Conscription
33:29 Scale Mail Armor
34:29 Blast Furnace
33:25 Bodkin Arrow
33:16 Elite Skirmisher
34:05 Thumb Ring
34:26 Parthian Tactics
35:35 Chain Mail Armor
35:51 Ring Archer Armor
Çıkmaz Sokak
6:31 Feudal Age
7:34 Feudal Age
11:23 Castle Age
9:22 Double-Bit Axe
9:36 Horse Collar
13:58 Bow Saw
16:47 Fletching
17:41 Loom
18:16 Elite Skirmisher
23:21 Wheelbarrow
24:08 Gold Mining
27:45 Imperial Age
25:22 Stone Mining
25:41 Heavy Plow
26:45 Stone Shaft Mining
26:21 Bodkin Arrow
26:26 Padded Archer Armor
27:23 Gold Shaft Mining
26:49 Padded Archer Armor
27:41 Thumb Ring
28:33 Bracer
29:02 Conscription
29:07 Hand Cart
29:43 Leather Archer Armor
30:42 Two-Man Saw
30:51 Crop Rotation
31:33 Chemistry
31:59 Ring Archer Armor
31:50 Ballistics
LY006
8:03 Feudal Age
11:40 Castle Age
10:04 Double-Bit Axe
10:08 Horse Collar
10:59 Gold Mining
12:37 Bow Saw
12:29 Heavy Plow
15:30 Padded Archer Armor
19:15 Leather Archer Armor
23:23 Loom
24:36 Wheelbarrow
26:35 Imperial Age
23:52 Loom
24:43 Wheelbarrow
24:22 Squires
25:07 Scale Mail Armor
24:29 Pikeman
24:57 Gambesons
26:25 Forging
26:31 Chain Mail Armor
26:42 Halberdier
27:59 Iron Casting
27:53 Conscription
30:05 Chemistry
30:22 Blast Furnace
30:54 Plate Mail Armor
30:46 Scale Barding Armor
31:19 Bombard Tower
31:21 Fortified Wall
33:03 Masonry
33:19 Man-at-Arms
36:11 Ring Archer Armor
37:23 Architecture
LUCKY
2:18 Loom
8:54 Feudal Age
9:52 Double-Bit Axe
12:52 Castle Age
10:47 Horse Collar
13:49 Bow Saw
15:57 Heavy Plow
16:41 Wheelbarrow
18:37 Hand Cart
19:36 Gold Mining
19:37 Stone Mining
22:58 Gold Shaft Mining
22:42 Loom
27:16 Imperial Age
25:55 Caravan
26:26 Coinage
26:12 Town Watch
25:52 Pikeman
26:32 Squires
26:18 Arson
25:55 Man-at-Arms
26:53 Scale Mail Armor
27:04 Forging
26:45 Fletching
28:57 Long Swordsman
30:44 Two-Man Saw
30:27 Banking
30:56 Marauders
30:17 Elite Tarkan
32:19 Conscription
32:08 Scale Barding Armor
32:39 Iron Casting
32:44 Bloodlines
32:34 Husbandry
32:14 Light Cavalry
34:16 Bodkin Arrow
36:17 Chain Barding Armor
35:59 Bracer
只会打步弓
6:42 Feudal Age
11:13 Castle Age
10:03 Horse Collar
10:09 Double-Bit Axe
12:34 Bow Saw
12:48 Fervor
12:52 Loom
20:44 Wheelbarrow
20:20 Heavy Plow
21:17 Town Watch
21:48 Hand Cart
26:33 Imperial Age
24:58 Scale Mail Armor
25:23 Squires
24:43 Pikeman
25:08 Arson
25:35 Forging
25:54 Forging
26:11 Chain Mail Armor
27:23 Iron Casting
27:55 Plate Mail Armor
27:51 Conscription
27:12 Halberdier
30:23 Blast Furnace
30:08 Fletching
30:52 Bodkin Arrow
31:11 Padded Archer Armor
31:38 Wagenburg Tactics
31:45 Bracer
32:07 Ballistics
32:54 Chemistry
32:15 Ballistics
32:46 Leather Archer Armor
32:59 Houfnice
34:55 Siege Engineers
35:05 Caravan
36:10 Ring Archer Armor
35:53 Masonry
36:26 Coinage
36:25 Fortified Wall
37:21 Two-Man Saw
36:36 Guilds
小胖子
6:53 Feudal Age
10:29 Castle Age
11:28 Double-Bit Axe
11:43 Horse Collar
12:44 Bow Saw
17:12 Wheelbarrow
23:33 Imperial Age
21:13 Gold Mining
21:36 Scale Barding Armor
22:16 Hand Cart
23:08 Bloodlines
23:19 Chain Barding Armor
23:12 Cavalier
24:33 Savar
25:25 Forging
25:47 Heavy Plow
25:47 Loom
26:16 Husbandry
27:21 Plate Barding Armor
28:12 Conscription
29:03 Iron Casting
29:17 Caravan
29:27 Town Watch
31:37 Blast Furnace
31:50 Crop Rotation
32:21 Two-Man Saw
33:21 Coinage
33:03 Guilds
34:09 Fletching
35:22 Bodkin Arrow
36:03 Banking
35:17 Elite War Elephant
36:05 Town Patrol
37:27 Two-Man Saw
Connection lost

Rejoining the realm…

Still unreachable

The connection could not be restored.

Session expired

The server has moved on; the page needs a fresh start.